[Event "Late-Titled-Tuesday-Blitz-January-16-2024"]
[Site "Chess.com"]
[Date "2024.01.16"]
[Round "5"]
[White "katharinareinecke"]
[Black "Rgoltsman"]
[Result "0-1"]
[WhiteElo "2025"]
[BlackElo "2193"]
[TimeControl "180+1"]
[EndTime "14:51:08 PST"]
[Termination "Rgoltsman won by resignation"]

1. d4 Nf6 2. c4 g6 3. Nf3 Bg7 4. g3 O-O 5. Bg2 d6 6. O-O Nc6 7. Nc3 e5 8. e4 Bg4 9. d5 Nd4 10.
Be3 Nxf3+ 11. Bxf3 Bxf3 12. Qxf3 h6 13. Qg2 Ng4 14.
Bd2 f5 15. h3 Nf6 16. exf5 gxf5 17. f4 e4 18. g4 fxg4 19. hxg4 Qd7 20. g5 hxg5 21. fxg5 Ng4 22. Nxe4 Bd4+ 23. Nf2 Bxf2+ 24. Rxf2 Rxf2 0-1

[Event "Late-Titled-Tuesday-Blitz-January-16-2024"]
[Site "Chess.com"]
[Date "2024.01.16"]
[Round "5"]
[White "FontVella8"]
[Black "Oleksandr_Bortnyk"]
[Result "1-0"]
[WhiteElo "2761"]
[BlackElo "3086"]
[TimeControl "180+1"]
[EndTime "14:51:09 PST"]
[Termination "FontVella8 won by resignation"]

1. Nf3 Nf6 2. b3 b6 3. Bb2 Bb7 4. g3 g6 5. Bg2 Bg7 6. O-O O-O 7.
c4 e6 8. d3 d5 9. Nbd2 c5 10. Ne5 Qe7 11. Ndf3 Rd8 12. Qc2 d4 13. e3 dxe3 14. fxe3 Nc6 15. Nxc6 Bxc6 16. Ne5 Bxg2 17. Qxg2 Rdc8 18. Rf2 Nh5 19. Rxf7 Qg5 20. Rxg7+ Nxg7 21. Qe4 Qf5 22. Qb7 Rf8 23. Ng4 Rf7 24. Qxa8+ Rf8 25. Qb7 Rf7 26. Nh6+ 1-0

[Event "Late-Titled-Tuesday-Blitz-January-16-2024"]
[Site "Chess.com"]
[Date "2024.01.16"]
[Round "5"]
[White "TigrVShlyape"]
[Black "TanitoluwaAps116"]
[Result "1-0"]
[WhiteElo "2948"]
[BlackElo "2729"]
[TimeControl "180+1"]
[EndTime "14:51:14 PST"]
[Termination "TigrVShlyape won by resignation"]

1. e4 c5 2. Nf3 e6 3. Nc3 Nc6 4. d4 cxd4 5. Nxd4 Nf6 6. Ndb5 d6 7. Bf4 e5 8. Bg5 a6 9. Na3 b5 10. Nd5 Be7 11. Bxf6 Bxf6 12. c3 Rb8 13. Nc2 Bg5 14.
Be2 O-O 15. O-O Be6 16. Nce3 g6 17. Qd3 Kg7 18. Rfd1 Qd7 19. b4 f5 20. a4 fxe4 21.
Qxe4 Bf5 22. Nxf5+ gxf5 23. Qf3 Kh8 24. axb5 axb5 25.
Qh5 Rg8 26. g3 e4 27. Kh1 Ne5 28. Ra6 Rbf8 29. Ne3 Qc8 30. Ra7 h6 31. Rxd6 Nf7 32.
Rxf7 Rxf7 33. Qxf7 Rf8 34. Qg6 Qxc3 35. Rd7 1-0

[Event "Late-Titled-Tuesday-Blitz-January-16-2024"]
[Site "Chess.com"]
[Date "2024.01.16"]
[Round "5"]
[White "Angry_Twin"]
[Black "NikolaGry"]
[Result "1-0"]
[WhiteElo "2974"]
[BlackElo "2749"]
[TimeControl "180+1"]
[EndTime "14:51:15 PST"]
[Termination "Angry_Twin won by resignation"]

1. e4 e5 2. Nf3 d6 3. Bc4 Nf6 4. d3 c6 5. O-O Be7 6. Re1 O-O 7. Nbd2 Nbd7 8. Nf1 b5 9. Bb3 Nc5 10. Ng3 a5 11. c3 Nxb3 12. axb3 h6 13. h3 Be6 14. d4 Qc7 15. Be3 Rfd8 16. Qc2 c5 17. d5 Bd7 18. Qd2 Kh7 19. Nh2 a4 20.
bxa4 Rxa4 21. f4 Rda8 22. Rxa4 Rxa4 23. Qc2 Qa7 24. Nf3 exf4 25. Bxf4 Ra1 26. e5+ g6 27. exf6 Bxf6 28. Bxd6 b4 29. Rxa1 Qxa1+ 30. Kh2 Ba4 31. Qf2 bxc3 32. bxc3 Qxc3 33. Bxc5 Bc2 34. Bd4 Bxd4 35. Qxd4 1-0

[Event "Late-Titled-Tuesday-Blitz-January-16-2024"]
[Site "Chess.com"]
[Date "2024.01.16"]
[Round "5"]
[White "sergeikim"]
[Black "wild3000"]
[Result "0-1"]
[WhiteElo "2557"]
[BlackElo "2394"]
[TimeControl "180+1"]
[EndTime "14:51:17 PST"]
[Termination "wild3000 won by resignation"]

1. d4 Nf6 2. c4 e6 3. Nc3 d5 4. Nf3 Be7 5. Bf4 O-O 6. e3 c6 7. c5 Nbd7 8. h3 b6 9. b4 Ne4 10. Nxe4 dxe4 11. Nd2 e5 12. dxe5 bxc5 13. Nxe4 cxb4 14.
Bc4 Nb6 15. Bb3 a5 16. Nd6 Ba6 17. Rc1 Nd5 18. Bxd5 cxd5 19. Qxd5 Bxd6 20. exd6 Rc8 21. Kd2 Qf6 22. Qd4 Qe6 23. Ra1 Rc4 24. Qe5 Qg6 25. Rhc1 Rxc1 26. Rxc1 Qd3+ 0-1

[Event "Late-Titled-Tuesday-Blitz-January-16-2024"]
[Site "Chess.com"]
[Date "2024.01.16"]
[Round "5"]
[White "sansanathalia"]
[Black "nikitadovbnya2008"]
[Result "1-0"]
[WhiteElo "2379"]
[BlackElo "2196"]
[TimeControl "180+1"]
[EndTime "14:51:17 PST"]
[Termination "sansanathalia won by resignation"]

1. d4 Nf6 2. Nf3 b6 3. g3 Bb7 4.
Bg2 e6 5. O-O g6 6. c4 Bg7 7. Nc3 d6 8. Re1 Ne4 9. Qc2 Nxc3 10.
Qxc3 O-O 11. b3 c5 12. Bb2 Nc6 13. Qd2 Qe7 14. Rad1 Rad8 15. d5 exd5 16. cxd5 Ne5 17. Nxe5 Bxe5 18. Bxe5 Qxe5 19. f4 Qe7 20. e4 f6 21. Re3 Rde8 22. Rde1 Bc8 23. e5 fxe5 24. fxe5 dxe5 25. d6 Qg7 26. Bc6 Bd7 27. Bxd7 Qxd7 28. Rxe5 Rxe5 29. Rxe5 Rf6 30. Qd5+ Kf8 31. Qa8+ Kf7 32.
Re7+ Qxe7 33. dxe7 Kxe7 34. Qxa7+ Ke6 35. Qxb6+ 1-0

[Event "Late-Titled-Tuesday-Blitz-January-16-2024"]
[Site "Chess.com"]
[Date "2024.01.16"]
[Round "5"]
[White "Bastiandash"]
[Black "DavidGavrilescu18"]
[Result "0-1"]
[WhiteElo "2523"]
[BlackElo "2783"]
[TimeControl "180+1"]
[EndTime "14:51:18 PST"]
[Termination "DavidGavrilescu18 won by resignation"]

1. d4 d5 2. c4 e6 3. Nf3 Nf6 4. g3 Bb4+ 5. Bd2 Bd6 6. Bg2 c6 7. O-O Nbd7 8. Qc2 O-O 9. Bc3 Ne4 10. Nbd2 f5 11. b3 Qe7 12. Bb2 b6 13. Ne1 Bb7 14. Nd3 g5 15. f3 Nxd2 16. Qxd2 f4 17. gxf4 gxf4 18. e4 fxe3 19. Qxe3 Kh8 20. Rae1 Rf6 21. c5 Bc7 22. b4 Ba6 23. Rf2 Rg8 24. Kh1 Bxd3 25.
Qxd3 Rh6 26. f4 Qh4 27. Kg1 Bxf4 28. Kf1 Bxh2 29. Re3 Bg1 30. Ref3 Bxf2 31. Rxf2 Rf6 0-1

[Event "Late-Titled-Tuesday-Blitz-January-16-2024"]
[Site "Chess.com"]
[Date "2024.01.16"]
[Round "5"]
[White "GMKrikor"]
[Black "Statham_01"]
[Result "1-0"]
[WhiteElo "2722"]
[BlackElo "2541"]
[TimeControl "180+1"]
[EndTime "14:51:19 PST"]
[Termination "GMKrikor won by resignation"]

1. Nf3 d5 2. c4 e6 3. d4 Nf6 4.
cxd5 exd5 5. Nc3 Bb4 6. Bf4 O-O 7. e3 Bf5 8. Qb3 c5 9. dxc5 Nc6 10. Rd1 a5 11. Bb5 a4 12. Bxa4 Bxc3+ 13. bxc3 Na5 14. Qb4 d4 15. Rxd4 Nd5 16. Qb2 Nxf4 17. Rxd8 Rfxd8 18. exf4 Nc4 19. Qb4 b6 20. Qxc4 1-0

[Event "Late-Titled-Tuesday-Blitz-January-16-2024"]
[Site "Chess.com"]
[Date "2024.01.16"]
[Round "5"]
[White "Alexei_Gubajdullin"]
[Black "SandwichOSaumon"]
[Result "0-1"]
[WhiteElo "2623"]
[BlackElo "2515"]
[TimeControl "180+1"]
[EndTime "14:51:19 PST"]
[Termination "SandwichOSaumon won on time"]

1. e4 c5 2. d3 Nc6 3. Nf3 g6 4. Nbd2 Bg7 5. Be2 Nf6 6. O-O d5 7. c3 O-O 8. Qc2 b5 9. a3 Bb7 10. exd5 Nxd5 11. Ne4 Qb6 12. Be3 Nxe3 13. fxe3 Rac8 14.
Qb1 h6 15. d4 cxd4 16. exd4 e5 17. Nc5 Rfd8 18. Nxb7 Qxb7 19. Nxe5 Nxe5 20. dxe5 Bxe5 21. Qa2 Rd2 22. Bf3 Qb6+ 23. Kh1 Kg7 24. Bd5 f5 25. Rad1 Qf2 26. h3 Rd8 0-1

[Event "Late-Titled-Tuesday-Blitz-January-16-2024"]
[Site "Chess.com"]
[Date "2024.01.16"]
[Round "5"]
[White "TangerineandLemon25"]
[Black "SergioMoralesG"]
[Result "1-0"]
[WhiteElo "2613"]
[BlackElo "2466"]
[TimeControl "180+1"]
[EndTime "14:51:30 PST"]
[Termination "TangerineandLemon25 won on time"]

1. b3 e5 2. Bb2 Nc6 3. d3 Nf6 4. Nd2 Be7 5. g3 O-O 6. Bg2 d5 7. e4 d4 8. Ngf3 h6 9. O-O a5 10. a4 Ne8 11. Nc4 Bf6 12. Ba3 Nd6 13. Nxd6 cxd6 14.
Nd2 g6 15. f4 Re8 16. Nc4 Nb4 17. Qd2 Bg7 18. Rf2 Be6 19. Bxb4 axb4 20. Qxb4 Ra6 21.
Qxb7 Bxc4 22. bxc4 Rb6 23. Qd5 Qe7 24. Raf1 Rf8 25.
fxe5 dxe5 26. c5 Rb7 27. c6 Rc7 28. Bh3 Rd8 29. Bd7 Rf8 30. a5 h5 31. a6 h4 32.
gxh4 Bh6 33. Rg2 Be3+ 34. Kh1 Kh7 35. Qa5 Qd8 36. Qa2 Qxh4 37. Rxf7+ Kh6 38. Rg3 1-0

[Event "Late-Titled-Tuesday-Blitz-January-16-2024"]
[Site "Chess.com"]
[Date "2024.01.16"]
[Round "5"]
[White "tactic"]
[Black "WilliamAlfaroCaracas"]
[Result "1-0"]
[WhiteElo "2543"]
[BlackElo "2241"]
[TimeControl "180+1"]
[EndTime "14:51:34 PST"]
[Termination "tactic won on time"]

1. e4 e5 2. Nf3 Nc6 3. Bc4 Nf6 4. Ng5 d5 5. exd5 Na5 6. Bb5+ c6 7. dxc6 bxc6 8.
Bd3 Nd5 9. Nf3 Bd6 10. O-O O-O 11. Re1 f5 12. Nxe5 Qf6 13. Nf3 g5 14. c4 Nf4 15.
Bf1 g4 16. d4 gxf3 17. Qxf3 Ne6 18. c5 Nxd4 19. Qc3 Bc7 20. b4 Rb8 21. Bb2 Rd8 22.
Nd2 Qh6 23. h3 1-0

[Event "Late-Titled-Tuesday-Blitz-January-16-2024"]
[Site "Chess.com"]
[Date "2024.01.16"]
[Round "5"]
[White "Hrant_ChessMood"]
[Black "SipkeErnst"]
[Result "1-0"]
[WhiteElo "2897"]
[BlackElo "2675"]
[TimeControl "180+1"]
[EndTime "14:51:36 PST"]
[Termination "Hrant_ChessMood won by resignation"]

1. c4 c6 2. Nf3 d5 3. g3 Nf6 4.
Bg2 g6 5. Qb3 Bg7 6. O-O O-O 7.
d3 Qb6 8. Be3 dxc4 9. Qxc4 Qxb2 10. Bd4 Qb5 11. Qxb5 cxb5 12. Nc3 Bd7 13. Ne5 Nc6 14.
Nxd7 Nxd7 15. Bxg7 Kxg7 16. Nxb5 Rfc8 17. Rfc1 a6 18.
Nc3 Rab8 19. Rab1 Nf6 20. Kf1 Na5 21. a4 e6 22. e3 h5 23. Ke2 Ne8 24. Ne4 Kf8 25.
Nc5 Nd6 26. Nd7+ 1-0

[Event "Late-Titled-Tuesday-Blitz-January-16-2024"]
[Site "Chess.com"]
[Date "2024.01.16"]
[Round "5"]
[White "alertakobra"]
[Black "LyonBeast"]
[Result "0-1"]
[WhiteElo "2426"]
[BlackElo "3155"]
[TimeControl "180+1"]
[EndTime "14:51:39 PST"]
[Termination "LyonBeast won on time"]

1. d4 Nf6 2. c4 e6 3. Nf3 d5 4. g3 Bb4+ 5. Nc3 O-O 6. Bg2 dxc4 7. O-O Nc6 8. a3 Be7 9. e4 Nd7 10. Qc2 Nb6 11. Be3 Bd7 12. Rad1 Na5 13. Ne5 f6 14.
Nxd7 Qxd7 15. Bh3 Qc6 16. d5 exd5 17. exd5 Qe8 18. Rfe1 Qd8 19. Bf5 h6 20. Be6+ Kh8 21. Bxh6 f5 22. Be3 g6 23. Bd4+ Bf6 24. Qd2 Kg7 25.
Qf4 Qd6 26. Re5 Nb3 27. Rde1 Nxd4 28. Qxd4 c6 29. Bxf5 gxf5 30. Re7+ Rf7 31. Rxf7+ Kxf7 32. Qd2 Nxd5 33. Qh6 Rh8 0-1

[Event "Late-Titled-Tuesday-Blitz-January-16-2024"]
[Site "Chess.com"]
[Date "2024.01.16"]
[Round "5"]
[White "SanchezKelvin"]
[Black "DonJuan_34"]
[Result "0-1"]
[WhiteElo "2566"]
[BlackElo "2425"]
[TimeControl "180+1"]
[EndTime "14:51:40 PST"]
[Termination "DonJuan_34 won by resignation"]

1. e4 e6 2. d4 d5 3. e5 c5 4.
c3 Nc6 5. Nf3 Nge7 6. Bd3 cxd4 7. cxd4 Nf5 8. Bxf5 exf5 9. O-O Be6 10. Nc3 Be7 11. Qb3 Qd7 12. Bg5 Bxg5 13. Nxg5 Nxd4 14.
Qd1 Nc6 15. f4 O-O 16. Qh5 h6 17. Rf3 d4 18. Nb5 Nxe5 19. fxe5 Qxb5 20. Re1 d3 21. Rg3 d2 22. Rd1 f4 23. Nxe6 fxg3 24. Nxg7 Qb6+ 25. Kh1 Kxg7 26. Rxd2 Rad8 0-1

[Event "Late-Titled-Tuesday-Blitz-January-16-2024"]
[Site "Chess.com"]
[Date "2024.01.16"]
[Round "5"]
[White "rikchessmx"]
[Black "miraitrunks"]
[Result "1-0"]
[WhiteElo "2363"]
[BlackElo "2078"]
[TimeControl "180+1"]
[EndTime "14:51:41 PST"]
[Termination "rikchessmx won by resignation"]

1. e4 e6 2. d4 d5 3. Nc3 Bb4 4. e5 Bxc3+ 5. bxc3 Qd7 6. a4 b6 7. Qg4 f5 8. Qg3 Ba6 9. Bxa6 Nxa6 10. Nh3 c5 11.
O-O Nh6 12. Bxh6 gxh6 13. a5 b5 14. Nf4 O-O-O 15. Rfb1 Rhg8 16. Qd3 Rg4 17. g3 c4 18. Qe3 Rdg8 19. Rb2 Nc7 20. a6 Qe7 21. Nh5 f4 22. Nxf4 Qh4 23. Ng2 Qh5 24. Ra5 Re4 25. Qd2 Rf8 26.
Rbxb5 Re2 27. Nf4 Rxf4 28. Qxf4 Qh3 29. Qf8+ Kd7 30. Rb1 Rxc2 31. Qd6+ Kc8 32. Rc5 1-0

[Event "Late-Titled-Tuesday-Blitz-January-16-2024"]
[Site "Chess.com"]
[Date "2024.01.16"]
[Round "5"]
[White "ChristopherYoo"]
[Black "FairChess_on_YouTube"]
[Result "1/2-1/2"]
[WhiteElo "2992"]
[BlackElo "3100"]
[TimeControl "180+1"]
[EndTime "14:51:45 PST"]
[Termination "Game drawn by agreement"]

1. Nf3 b5 2. e4 Bb7 3. Bxb5 Bxe4 4. O-O c6 5. Ba4 Qa5 6. Nc3 Bxf3 7. Qxf3 Nf6 8. d4 e6 9. Bb3 d5 10. Ne2 Nbd7 11.
c3 Bd6 12. Bc2 O-O 13. Bg5 Rfb8 14. b4 Qc7 15. g3 a5 16. a3 e5 17. dxe5 Bxe5 18.
Nd4 axb4 19. axb4 Rxa1 20. Rxa1 c5 21. bxc5 Qxc5 22. Rd1 Rc8 23. Nf5 Qxc3 24. Qxc3 Rxc3 25. Ba4 h6 26. Bxf6 Nxf6 27. Ne7+ Kf8 28. Nxd5 Ra3 29. Nxf6 Bxf6 30. Bc6 Ra1 31. Rxa1 Bxa1 32. Kg2 1/2-1/2

[Event "Late-Titled-Tuesday-Blitz-January-16-2024"]
[Site "Chess.com"]
[Date "2024.01.16"]
[Round "5"]
[White "BardArtem"]
[Black "chesspreceptor"]
[Result "1-0"]
[WhiteElo "2815"]
[BlackElo "2579"]
[TimeControl "180+1"]
[EndTime "14:51:45 PST"]
[Termination "BardArtem won by resignation"]

1. e4 e6 2. d4 d5 3. Nc3 Nf6 4. exd5 exd5 5. Bg5 Be7 6. Qd2 Bf5 7. O-O-O Qd7 8.
Nf3 Ne4 9. Nxe4 Bxe4 10. Ne5 Qd6 11. Bxe7 Qxe7 12. Re1 O-O 13. f3 Bf5 14. Ng6 Qxe1+ 15. Qxe1 hxg6 16. g4 Be6 17. h4 Nc6 18. c3 Rae8 19.
Qg3 f5 20. g5 f4 21. Qf2 Bf5 22. h5 Re6 23. h6 Rfe8 24. Bh3 Re2 25. Qh4 Rc2+ 26.
Kd1 Rxb2 27. Bxf5 gxf5 28. hxg7 Rb1+ 29. Kc2 Rxh1 30. Qxh1 Kxg7 31. Qh6+ Kf7 32. g6+ Ke6 33. g7+ Kf7 34. Qh5+ 1-0

[Event "Late-Titled-Tuesday-Blitz-January-16-2024"]
[Site "Chess.com"]
[Date "2024.01.16"]
[Round "5"]
[White "diamonds13"]
[Black "Tejas_Rama"]
[Result "1-0"]
[WhiteElo "2352"]
[BlackElo "2548"]
[TimeControl "180+1"]
[EndTime "14:51:48 PST"]
[Termination "diamonds13 won by resignation"]

1. d4 Nf6 2. c4 e6 3. Nc3 Bb4 4. e3 O-O 5. Bd2 d5 6. Bd3 b6 7. cxd5 exd5 8. Nf3 Bd6 9. Nb5 Be7 10. Rc1 c6 11.
Nc3 c5 12. O-O Bb7 13. Ne5 Nc6 14. Ne2 Bd6 15. f4 Ne4 16. Be1 Nxe5 17. fxe5 Be7 18.
Ng3 Bg5 19. Nf5 cxd4 20. Bxe4 dxe4 21. Bb4 dxe3 22. Qg4 Re8 23. h4 e2 24. Rf2 Rc8 25.
Rxc8 Bxc8 26. Qxg5 Qd1+ 27. Kh2 Bxf5 28. Qxf5 f6 29. exf6 1-0

[Event "Late-Titled-Tuesday-Blitz-January-16-2024"]
[Site "Chess.com"]
[Date "2024.01.16"]
[Round "5"]
[White "Russian_berezka"]
[Black "MightyGMpretender"]
[Result "0-1"]
[WhiteElo "2592"]
[BlackElo "2826"]
[TimeControl "180+1"]
[EndTime "14:51:49 PST"]
[Termination "MightyGMpretender won by resignation"]

1. d4 Nf6 2. Bf4 g6 3. Nc3 Bg7 4. Qd2 d6 5. Bh6 Bxh6 6. Qxh6 c6 7. e4 Qa5 8. O-O-O Ng4 9. Qh4 Nd7 10. Qxg4 b5 11.
a3 b4 12. axb4 Qxb4 13. Qg3 Rb8 14. b3 a5 15. Nh3 Nb6 16. Be2 O-O 17. f4 a4 18.
Nxa4 Nxa4 19. bxa4 Qb2+ 20. Kd2 Qxd4+ 21. Qd3 Qxa4 22.
Nf2 d5 23. Ra1 Qb4+ 24. Qc3 Qb6 25. Rhb1 Qxf2 26. Rxb8 Qxf4+ 27. Qe3 Qxb8 28. exd5 Qd6 29. Ra7 Qxd5+ 30. Qd3 Qxg2 31. Rxe7 Qxh2 32. Kc1 Bf5 33. Qc4 Qg1+ 34. Kb2 Rb8+ 35. Kc3 Qe1+ 36. Kd4 Rb4 37.
Re8+ Kg7 0-1

[Event "Late-Titled-Tuesday-Blitz-January-16-2024"]
[Site "Chess.com"]
[Date "2024.01.16"]
[Round "5"]
[White "JaackCamel"]
[Black "jjbolanos"]
[Result "0-1"]
[WhiteElo "2140"]
[BlackElo "2068"]
[TimeControl "180+1"]
[EndTime "14:51:52 PST"]
[Termination "jjbolanos won by resignation"]

1. d4 d5 2. c4 e6 3. Nc3 Nf6 4. cxd5 exd5 5. Bg5 Be7 6. e3 c6 7. Bd3 Nbd7 8. Qc2 h6 9. Bh4 Nh5 10. Bxe7 Qxe7 11. Nge2 O-O 12. O-O-O b5 13. Ng3 Nxg3 14. hxg3 Nb6 15. Ne2 Bd7 16. Kb1 a5 17. Bh7+ Kh8 18. Bf5 Nc4 19. Rc1 Qb4 20. Ka1 Bxf5 21. Qc3 Qxc3 22.
Nxc3 a4 23. Ne2 Nd2 24. b4 Nc4 25. Nf4 a3 26. g4 Bxg4 27. f3 Bf5 28. g4 Bh7 29. Rhe1 Rfe8 30. Ng2 Ra4 0-1

[Event "Late-Titled-Tuesday-Blitz-January-16-2024"]
[Site "Chess.com"]
[Date "2024.01.16"]
[Round "5"]
[White "Practical-Play"]
[Black "Emp3rador"]
[Result "1-0"]
[WhiteElo "2504"]
[BlackElo "2612"]
[TimeControl "180+1"]
[EndTime "14:51:54 PST"]
[Termination "Practical-Play won by resignation"]

1. e4 d5 2. exd5 Qxd5 3. Nc3 Qd6 4. d4 Nf6 5. Nf3 a6 6. g3 b5 7. Bg2 Bb7 8. O-O e6 9. Re1 Be7 10. Bf4 Qb6 11. a4 b4 12. a5 Qa7 13. Bxc7 Nbd7 14. Na4 Bxf3 15. Qxf3 Rc8 16. Bb6 Qb8 17. Qb7 Rxc2 18. Rac1 Rxc1 19. Rxc1 O-O 20. Qxa6 Nd5 21. Qb5 N7f6 22. Nc5 Rc8 23. Bf1 Nxb6 24. axb6 Bd8 25. Na6 Qb7 26. Rxc8 Qxc8 27. b7 1-0

[Event "Late-Titled-Tuesday-Blitz-January-16-2024"]
[Site "Chess.com"]
[Date "2024.01.16"]
[Round "5"]
[White "DraningWaterHi"]
[Black "thesupera12"]
[Result "1-0"]
[WhiteElo "2244"]
[BlackElo "2522"]
[TimeControl "180+1"]
[EndTime "14:51:54 PST"]
[Termination "DraningWaterHi won by checkmate"]

1. d4 Nf6 2. c4 g6 3. g3 d5 4.
cxd5 Nxd5 5. e4 Nf6 6. Bg2 Bg7 7. Ne2 O-O 8. Nec3 Nc6 9. d5 Ne5 10. O-O c6 11. f4 Nc4 12. b3 Qb6+ 13. Kh1 Ne3 14.
Bxe3 Qxe3 15. Re1 Qb6 16. e5 Ng4 17. Ne4 Bf5 18. Nbc3 Bxe4 19. Qxg4 cxd5 20. Nxe4 dxe4 21. Bxe4 Rad8 22. Rad1 Qf2 23. Qf3 Qxa2 24. Bxb7 e6 25. h4 Rd2 26. Rxd2 Qxd2 27. Re2 Qc1+ 28. Kg2 Rd8 29.
Ba6 Rd1 30. Bc4 Bf8 31. Rf2 Bc5 32. Rf1 Rd2+ 33. Kh3 Qb2 34. Kg4 h5+ 35. Kg5 Kg7 36.
Qb7 Qa3 37. f5 Be3+ 38. Rf4 Bxf4+ 39. Kxf4 Qc1 40. f6+ Kf8 41. Qe7+ Kg8 42. Qe8+ Kh7 43. Qxf7+ Kh6 44. Qg7# 1-0

[Event "Late-Titled-Tuesday-Blitz-January-16-2024"]
[Site "Chess.com"]
[Date "2024.01.16"]
[Round "5"]
[White "MeisterJabo"]
[Black "Balla_Tamas"]
[Result "1-0"]
[WhiteElo "2296"]
[BlackElo "2445"]
[TimeControl "180+1"]
[EndTime "14:51:54 PST"]
[Termination "MeisterJabo won by checkmate"]

1. c4 c5 2. g3 Nc6 3. Bg2 g6 4.
Nc3 Bg7 5. a3 a5 6. e4 e6 7.
Nge2 Nge7 8. O-O O-O 9. d3 d6 10. Be3 Nd4 11. Bxd4 cxd4 12. Nb5 e5 13. b4 Nc6 14. Qd2 Qe7 15. f4 f5 16. Rab1 axb4 17. axb4 Be6 18. Ra1 Rxa1 19. Rxa1 fxe4 20. Bxe4 exf4 21.
Nxf4 Bf5 22. Re1 Ne5 23. Bd5+ Kh8 24. Nxd4 Bg4 25. Qe3 Qg5 26. Nde6 Bxe6 27. Nxe6 Qxe3+ 28. Rxe3 Ra8 29. Nxg7 Kxg7 30. d4 Ra1+ 31. Kg2 Ng4 32.
Re7+ Kh6 33. h4 Ra2+ 34. Kh3 Kh5 35. Rxh7+ Nh6 36. Bf3# 1-0

[Event "Late-Titled-Tuesday-Blitz-January-16-2024"]
[Site "Chess.com"]
[Date "2024.01.16"]
[Round "5"]
[White "stregachess"]
[Black "GAusal"]
[Result "0-1"]
[WhiteElo "2065"]
[BlackElo "2275"]
[TimeControl "180+1"]
[EndTime "14:51:56 PST"]
[Termination "GAusal won by resignation"]

1. d4 d5 2. Nf3 c6 3. Bf4 Nf6 4. e3 Bg4 5. Be2 e6 6. Nbd2 Ne4 7. Nxe4 dxe4 8. Nd2 Bxe2 9. Qxe2 f5 10. O-O h5 11. Nc4 g5 12. Be5 Rh7 13. f3 exf3 14. Rxf3 Nd7 15. Rh3 g4 16. Rg3 h4 17. Rxg4 Nxe5 18.
Nxe5 fxg4 19. Qxg4 Qf6 20. Rf1 Qh6 21. Qe4 O-O-O 22.
Nf7 Rxf7 23. Rxf7 Rd7 24. Rf3 Bd6 25. c3 Kc7 26. b4 Rg7 27. a4 Qg6 28. Rf2 Qxe4 0-1

[Event "Late-Titled-Tuesday-Blitz-January-16-2024"]
[Site "Chess.com"]
[Date "2024.01.16"]
[Round "5"]
[White "KorolDimitriy75"]
[Black "TEREZANA"]
[Result "1/2-1/2"]
[WhiteElo "2354"]
[BlackElo "2512"]
[TimeControl "180+1"]
[EndTime "14:51:57 PST"]
[Termination "Game drawn by agreement"]

1. d4 d5 2. c4 e6 3. Nc3 a6 4. cxd5 exd5 5. Bf4 c6 6. e3 Bd6 7. Bxd6 Qxd6 8. Bd3 Ne7 9. Qc2 g6 10. Nge2 Bf5 11. O-O Nd7 12. f3 Bxd3 13. Qxd3 O-O 14.
Rad1 f5 15. e4 fxe4 16. fxe4 Rxf1+ 17. Rxf1 Rf8 18. Rxf8+ Nxf8 19. a3 Qe6 20. exd5 Nxd5 21. Nxd5 Qxd5 22. Nc3 Qd6 23. d5 Qc5+ 24. Kf1 cxd5 25.
Qxd5+ Qxd5 26. Nxd5 Kf7 27. Ke2 Ke6 28. Nc3 Nd7 29. Ke3 Ke5 30. Ne4 1/2-1/2

[Event "Late-Titled-Tuesday-Blitz-January-16-2024"]
[Site "Chess.com"]
[Date "2024.01.16"]
[Round "5"]
[White "iturrizaga"]
[Black "ImportedItalianMaple"]
[Result "1-0"]
[WhiteElo "3006"]
[BlackElo "2426"]
[TimeControl "180+1"]
[EndTime "14:52:00 PST"]
[Termination "iturrizaga won by resignation"]

1. c4 g6 2. g3 Bg7 3. Bg2 Nf6 4.
Nc3 O-O 5. d4 d6 6. Nf3 Nbd7 7.
O-O e5 8. Qc2 c6 9. Rd1 Qc7 10.
b3 Re8 11. Ba3 e4 12. Ng5 d5 13. Rac1 Qa5 14. Bd6 dxc4 15. Ngxe4 cxb3 16. axb3 Nxe4 17. Nxe4 Nf6 18. Nc5 Qd8 19. Be5 Nd5 20. e4 Nc7 21. Bf4 Ne6 22. Nxe6 Bxe6 23. b4 Rc8 24. Qa4 Qb6 25.
Be3 Bg4 26. Rd2 Qb5 27. Qxb5 cxb5 28. Rb1 Bf8 29. h3 Bd7 30. d5 b6 31. Ra2 a5 32.
bxa5 Ra8 33. Bxb6 f5 34. exf5 Bxf5 35. Rxb5 Re1+ 36. Kh2 Rae8 37. Be3 Bd6 38. Rb6 Bc7 39. Rc6 Be5 40. a6 Bd7 41. a7 Ra8 42. d6 Rd1 43.
Rc7 1-0

[Event "Late-Titled-Tuesday-Blitz-January-16-2024"]
[Site "Chess.com"]
[Date "2024.01.16"]
[Round "5"]
[White "NikoTheodorou"]
[Black "Sebastian"]
[Result "0-1"]
[WhiteElo "3072"]
[BlackElo "2987"]
[TimeControl "180+1"]
[EndTime "14:52:01 PST"]
[Termination "Sebastian won by resignation"]

1. Nf3 Nf6 2. b3 c5 3. Bb2 Nc6 4.
e3 g6 5. Be2 Bg7 6. O-O O-O 7.
c4 b6 8. d4 cxd4 9. Nxd4 Bb7 10. Nc3 Nxd4 11. Qxd4 Ne4 12. Qd3 Nxc3 13. Bxc3 Bxc3 14.
Qxc3 d5 15. Rfd1 Qc7 16. Rac1 Rac8 17. Qb2 dxc4 18. Bxc4 Qb8 19. Rd7 b5 20. Bxb5 Rxc1+ 21. Qxc1 Bxg2 22. Qc5 Bh3 23. Rxe7 Qd8 24. Bf1 Bxf1 25.
Kxf1 Qd1+ 26. Kg2 Qg4+ 27. Kf1 Rd8 28. Qc2 Rd1+ 29. Qxd1 Qxd1+ 30. Kg2 Qd5+ 31. Kf1 Qb5+ 0-1

[Event "Late-Titled-Tuesday-Blitz-January-16-2024"]
[Site "Chess.com"]
[Date "2024.01.16"]
[Round "5"]
[White "chucksterf10"]
[Black "vidavi"]
[Result "0-1"]
[WhiteElo "2623"]
[BlackElo "2497"]
[TimeControl "180+1"]
[EndTime "14:52:01 PST"]
[Termination "vidavi won by checkmate"]

1. e3 d5 2. Nf3 Nf6 3. b3 g6 4.
Bb2 Bg7 5. Be2 O-O 6. O-O c5 7.
c4 Nc6 8. cxd5 Qxd5 9. Nc3 Qd7 10. d4 cxd4 11. Nxd4 Nxd4 12. Qxd4 Qxd4 13. exd4 Be6 14.
Bf3 Rab8 15. Rfd1 Rfd8 16. Rac1 Nd5 17. Nxd5 Bxd5 18. Bxd5 Rxd5 19. Rc7 e5 20. Rdc1 exd4 21. Rc8+ Rd8 22. Rxb8 Rxb8 23. Rc7 d3 24. Bxg7 d2 25. Rd7 Re8 26. h4 Re1+ 27. Kh2 d1=Q 28. Rxd1 Rxd1 29. Bc3 Rc1 30. Bd4 a6 31. g3 f5 32. Kg2 Kf7 33.
Kf3 Rc2 34. a3 Ra2 35. Bc5 Rb2 36. b4 Rb3+ 37. Kf4 Rxa3 38. h5 a5 39. bxa5 Rxa5 40. Bb6 Ra6 41. Bc5 Rc6 42. Ba3 b5 43. Ke5 Rc3 44. Bb4 Rc4 45. Bd6 Rc2 46. f3 Re2+ 47.
Kf4 Rb2 48. Ke3 Rb3+ 49. Kf4 Ke6 50. Bf8 gxh5 51. Bc5 Rc3 52. Bf8 b4 53. Kg5 b3 54.
Bg7 b2 55. Kxh5 b1=Q 56. Bxc3 Qh1+ 57. Kg5 Qc1+ 58. Bd2 Qxd2+ 59. f4 Qh2 60. g4 Qg3 61. Kh6 Qxg4 62. Kxh7 Kf7 63. Kh6 Qh4# 0-1

[Event "Late-Titled-Tuesday-Blitz-January-16-2024"]
[Site "Chess.com"]
[Date "2024.01.16"]
[Round "5"]
[White "Polish_fighter3000"]
[Black "rasmussvane"]
[Result "1-0"]
[WhiteElo "3107"]
[BlackElo "2982"]
[TimeControl "180+1"]
[EndTime "14:52:04 PST"]
[Termination "Polish_fighter3000 won by resignation"]

1. e4 e5 2. Nf3 Nc6 3. Bb5 a6 4. Ba4 Nf6 5. O-O Be7 6. Re1 b5 7. Bb3 O-O 8. a4 Bb7 9. d3 d6 10. Nc3 Na5 11. Ba2 b4 12. Ne2 c5 13. Ng3 Bc8 14. c3 Rb8 15. d4 Qc7 16. cxb4 cxb4 17. Be3 Bg4 18. Rc1 Qb7 19. h3 Bxf3 20. Qxf3 Rfc8 21.
Nf5 b3 22. Bb1 Nc4 23. Bg5 exd4 24. Qd3 Ne5 25. Qxd4 h6 26. Bf4 Rxc1 27. Rxc1 Rd8 28. Rc3 Nc6 29. Rxc6 1-0